 Dungeon Crawl Stone Soup version 0.28-a0-661-g144af121cd (webtiles) character file.

Game seed: 741776843850809402

65 Lekart the Slasher (level 3, 0/33 HPs)
             Began as a Draconian Chaos Knight on Oct 14, 2021.
             Was a Plaything of Xom.
             Slain by a white imp (2 damage)
             ... summoned by Xom
             ... on level 2 of the Dungeon.
             The game lasted 00:01:30 (1523 turns).

Lekart the Slasher (Draconian Chaos Knight)         Turns: 1523, Time: 00:01:31

Health: 0/33       AC:  5    Str: 14    XL:     3   Next: 92%
Magic:  3/3        EV: 12    Int: 12    God:    Xom [......]
Gold:   70         SH:  0    Dex: 11    Spells: 2/2 levels left

rFire   . . .      SeeInvis .   b - +0 hunting sling (freeze)
rCold   . . .      Faith    .   (no shield)
rNeg    . . .      Spirit   .   (armour unavailable)
rPois   .          Reflect  .   (helmet restricted)
rElec   .          Harm     .   (no cloak)
rCorr   .          Rampage  .   (no gloves)
Will    .....                   (no boots)
Stlth   +.........              (no amulet)
HPRegen 0.11/turn               (no ring)
MPRegen 0.08/turn               (no ring)

@: no status effects
A: AC +5, unfitting armour, cold-blooded
a: Renounce Religion


You were on level 2 of the Dungeon.
You worshipped Xom.
You were a very special plaything of Xom.
You visited 1 branch of the dungeon, and saw 2 of its levels.

You collected 70 gold pieces.

Inventory:

Hand Weapons
 a - a +0 falchion of chaos
 b - a +0 hunting sling of freezing (weapon)
Missiles
 f - 11 stones (quivered ammo)
Scrolls
 d - a scroll of holy word {unknown}
Potions
 e - a potion of curing


   Skills:
 + Level 3.8 Fighting
 + Level 4.0 Long Blades
 + Level 2.5 Dodging
 + Level 0.8 Stealth


You had 2 spell levels left.
You didn't know any spells.
Your spell library was empty.

Dungeon Overview and Level Annotations

Branches:
Dungeon (2/15)

Altars:


Innate Abilities, Weirdness & Mutations

Your plain brown scales are hard. (AC +5)
You cannot fit into any form of body armour.
You are cold-blooded and may be slowed by cold attacks.


Message History

No target in view!
No target in view!
No target in view!
No target in view!
No target in view!
No target in view!
You now have 70 gold pieces (gained 15).
A frilled lizard comes into view.
A frilled lizard is nearby!
A frilled lizard is nearby!
You shoot a stone. The stone hits the frilled lizard.
The stone freezes the frilled lizard.
You kill the frilled lizard!
No target in view!
No target in view!
No target in view!
No target in view!
No target in view!
No target in view!
You hear Xom's maniacal laughter.
There are monsters nearby!
You shoot a stone. The stone hits the white imp.
The white imp is heavily wounded.
The white imp hits you. The white imp freezes you.
You shoot a stone. The stone barely misses the white imp.
The white imp hits you. The white imp freezes you.
The ice devil barely misses you.
You shoot a stone. The stone barely misses the white imp.
The white imp closely misses you. The ice devil hits you.
The ice devil freezes you!
* * * LOW HITPOINT WARNING * * *
You are too injured to fight recklessly!
As you read the scroll labelled OCIWKUJEIR, it crumbles to dust.
It is a scroll of identify.
e - a potion of curing The white imp hits you.
* * * LOW HITPOINT WARNING * * *
The white imp freezes you.
You die... "I guess I need a new plaything now."

#..#.#...##..)....'....#.
#.._....##.......##.#.#.
#.#.#[#.........(##.#.#)
#.....######..#####.#.#.
#.#.......##..#...#.....
#.....###.##..# #..<#'#+
###..).(# #..# ###.....
#.#.#5# #..# +.....
#.#.#@# ..# ###.....
#+#+#4# ......... ..#
######### ...# #.....
....# #.#### ...(.# #.#
......# #.# ##+#+#.# #.#
#.#.#.# ########(#


You could see an ice devil (summoned) and a white imp (summoned).

Vanquished Creatures
  An adder (D:2)
  An orc (D:2)
  5 endoplasms
  4 giant cockroaches
  2 goblins
  2 hobgoblins (D:1)
  10 jackals (D:1)
  3 kobolds
  A quokka (D:1)
  6 ball pythons
  5 bats (D:1)
  3 frilled lizards
  3 rats
46 creatures vanquished.

Notes
Turn   | Place    | Note
-------+----------+-------------------------------------------
     0 | D:1      | Lekart the Draconian Chaos Knight began the quest for the
                  | Orb.
     0 | D:1      | Reached XP level 1. HP: 19/19 MP: 1/1
    90 | D:1      | XOM: divination: detect items
   326 | D:1      | Reached XP level 2. HP: 26/26 MP: 2/2
   694 | D:1      | XOM: silly message
   800 | D:1      | Reached XP level 3. HP: 22/33 MP: 3/3
  1405 | D:2      | Reached skill level 4 in Long Blades
  1492 | D:2      | Found a faded altar of an unknown god.
  1519 | D:2      | XOM: summons 2 hostile demons
  1520 | D:2      | Noticed an ice devil
  1523 | D:2      | Slain by a white imp

Illustrated notes

Levels and vault maps discovered:
D:1:      dpeg_arrival_court, layout_loops_corners, minmay_misc_feat_rows,
          serial_bayou_pond_d
D:2:      layout_basic, chequers_ecumenical_altar_simple,
          minmay_misc_feat_doors, grunt_ministairs_1

Skill      XL: |  1  2  3 |
---------------+----------+-----
Long Blades    | 4 |  4.0
Fighting       | |  3.8
Dodging        | |  2.5
Stealth        | |  0.8

Action                   || total
-------------------------++-------
Melee: Falchion          ||   109
       Tailslap          ||    10
 Fire: Hunting sling     ||    14
  Use: Scroll            ||     1
 Stab: Sleeping          ||     3
Armor: Skin              ||    33
Dodge: Dodged            ||    79

Table legend: (Time is in decaauts)
 A = Elapsed time spent in this place.
 B = Non-inter-level travel time spent in this place.
 C = Inter-level travel time spent in this place.
 D = Time resting spent in this place.
 E = Time spent auto-exploring this place.
 F = Levels seen in this place.
 G = Mean time per level.
                   A        B        C        D        E       F      G
               +--------+--------+--------+--------+--------+-----+--------+
         Total |   1541 |   1491 |     50 |      0 |   1228 |   2 |  770.5 |
       Dungeon |   1541 |   1491 |     50 |      0 |   1228 |   2 |  770.5 |
               +--------+--------+--------+--------+--------+-----+--------+

Top non-repeatable levels by time:
     D:1: 1187 daAuts
     D:2: 353 daAuts
